 Dungeon Crawl Stone Soup version 0.25.0-46-gbd7b0854d2 (webtiles) character file.

Game seed: 12975040520561811242

165 Descartes the Slasher (level 5, -2/41 HPs)
             Began as a Demonspawn Chaos Knight on July 15, 2020.
             Was a Plaything of Xom.
             Slain by an orc warrior
             ... wielding a +0 trident
             ... summoned by Xom
              (3 damage)
             ... on level 3 of the Dungeon.
             The game lasted 00:05:07 (2524 turns).

Descartes the Slasher (Demonspawn Chaos Knight)     Turns: 2524, Time: 00:05:09

Health: -2/41      AC: 11    Str: 13    XL:     5   Next: 21%
Magic:  4/4        EV:  3    Int: 13    God:    Xom [.*....]
Gold:   149        SH:  0    Dex: 11    Spells: 4/4 levels left

rFire    . . .     SeeInvis .   a - +0 falchion (chaos)
rCold    + + .     Gourm    .   (no shield)
rNeg     . . .     Faith    .   e - +0 plate armour
rPois    +         Spirit   .   (no helmet)
rElec    +         Reflect  .   (no cloak)
rCorr    +         Harm     .   (no gloves)
MR       .....                  (no boots)
Stlth    ..........             (no amulet)
HPRegen  0.13/turn              l - ring of ice
MPRegen  0.09/turn              n - ring of resist corrosion

@: resistant
A: claws 1, clumsy 1, low mp 1, powered by death 1, rot immunity
a: Renounce Religion


You were on level 3 of the Dungeon.
You worshipped Xom.
You were a plaything of Xom.
You were not hungry.

You visited 1 branch of the dungeon, and saw 3 of its levels.

You collected 149 gold pieces.

Inventory:

Hand Weapons
 a - a +0 falchion of chaos (weapon)
Missiles
 o - 40 stones
 p - 2 throwing nets
 w - 2 poisoned darts (quivered)
Armour
 b - a +2 leather armour
 e - a +0 plate armour (worn)
Magical Staves
 m - an uncursed staff of wizardry {unknown}
Jewellery
 l - a ring of ice (left claw)
 n - a ring of resist corrosion (right claw)
Scrolls
 g - 2 scrolls of identify {unknown}
 h - a scroll of random uselessness {unknown}
 i - a scroll of fog {unknown}
 j - a scroll of immolation {unknown}
 k - 3 scrolls of teleportation {unknown}
Potions
 d - a potion of brilliance {unknown}
 f - 2 potions of resistance
 q - a potion of degeneration {unknown}
 r - a potion of curing {unknown}
 s - a potion of haste {unknown}
 t - a potion of invisibility {unknown}
 u - a potion of heal wounds {unknown}
Comestibles
 c - 4 rations


   Skills:
 - Level 3.0 Fighting
 + Level 4.2 Long Blades
 + Level 3.7 Armour
 - Level 0.8 Dodging


You had 4 spell levels left.
You didn't know any spells.
Your spell library was empty.

Dungeon Overview and Level Annotations

Branches:
Dungeon (3/15)

Altars:
Elyvilon


Innate Abilities, Weirdness & Mutations

You have sharp fingernails.
You regenerate a little health from kills.
You are immune to rotting.
You are clumsy. (Dex -2)
Your magical capacity is low. (-10% MP)


Message History

The adder is moderately wounded.
The jelly hits you.
* * * LOW HITPOINT WARNING * * *
You are splashed with acid.
You resist.
* * * LOW HITPOINT WARNING * * *
The kobold hits you but does no damage. The adder bites you.
* * * LOW HITPOINT WARNING * * *
The adder bites you but does no damage. The orc hits you but does no damage.
The orc priest hits you but does no damage.
The orc warrior hits you but does no damage.
The orc hits you with a +0 trident.
* * * LOW HITPOINT WARNING * * *
It was a potion of resistance.
You feel protected.
The adder bites you but does no damage. x2
The jelly hits you but does no damage. The kobold hits you but does no damage.
The orc priest hits you but does no damage.
The orc hits you but does no damage.
The orc warrior hits you with a +0 trident.
You die...

#)# #.# #.# #.#
######.###.####
#.....^....##.##
#[#######.#....#
##.#.#.##
##...####
##.KJo.#
#..o@S.# #
#..ooS...# # .
#...o....#
###.###
.........#.#
.......
..####...##...
......) . ...##
#### ## #####
##. #.. #.8


You could see an orc warrior (summoned), a jelly (summoned), an orc priest
(summoned), 2 adders, 3 orcs and a kobold (summoned).

Vanquished Creatures
  An orc wizard (D:3)
  3 gnolls (D:2)
  3 adders (D:2)
  2 worms (D:2)
  5 dart slugs
  A leopard gecko (D:1)
  4 orcs (D:3)
  8 bats (D:1)
  2 giant cockroaches
  4 goblins
  6 hobgoblins
  4 jackals (D:3)
  8 kobolds
  A quokka (D:2)
  A ball python (D:2)
  5 frilled lizards
  5 rats
63 creatures vanquished.

Notes
Turn   | Place    | Note
-------+----------+-------------------------------------------
     0 | D:1      | Descartes the Demonspawn Chaos Knight began the quest for
                  | the Orb.
     0 | D:1      | Reached XP level 1. HP: 18/18 MP: 1/1
    37 | D:1      | Reached skill level 3 in Long Blades
    66 | D:1      | XOM: silly message
   211 | D:1      | Gained mutation: You regenerate a little health from kills.
                  | [demonic ancestry]
   211 | D:1      | Reached XP level 2. HP: 24/24 MP: 2/2
   416 | D:1      | XOM: divination: magic mapping
   811 | D:2      | Gained mutation: You are immune to rotting. [demonic
                  | ancestry]
   811 | D:2      | Reached XP level 3. HP: 29/29 MP: 3/3
   829 | D:2      | Found a white marble altar of Elyvilon.
  1070 | D:2      | XOM: 1-stop teleportation journey
  1168 | D:2      | XOM: divination: magic mapping
  1226 | D:2      | XOM: 3-stop teleportation journey
  1355 | D:2      | Reached XP level 4. HP: 7/35 MP: 4/4
  1745 | D:2      | XOM: 3-stop teleportation journey
  2060 | D:2      | Reached skill level 4 in Long Blades
  2254 | D:3      | XOM: give mutations
  2254 | D:3      | Gained mutation: You are clumsy. (Dex -2) [Xom's mischief]
  2254 | D:3      | Gained mutation: Your magical capacity is low. (-10% MP)
                  | [Xom's mischief]
  2399 | D:3      | XOM: enchant monster (bad)
  2402 | D:3      | XOM: 1-stop teleportation journey
  2424 | D:3      | XOM: blink monster(s)
  2427 | D:3      | Gained mutation: You have sharp fingernails. [demonic
                  | ancestry]
  2427 | D:3      | Reached XP level 5. HP: 28/41 MP: 4/4
  2456 | D:3      | XOM: 1-stop teleportation journey
  2492 | D:3      | XOM: summons 2 hostile shadow creatures
  2518 | D:3      | XOM: summons 3 hostile shadow creatures
  2519 | D:3      | Noticed an orc warrior
  2523 | D:3      | HP: 1/41 [orc/+0 trident[Xom] (2)]
  2524 | D:3      | Slain by an orc warrior

Illustrated notes

Levels and vault maps discovered:
D:1:      dpeg_arrival_erosion, layout_rooms
D:2:      layout_basic, nicolae_overflow_crystal_walls
D:3:      layout_loops_ring, nicolae_overflow_hidden_temple,
          chequers_ecumenical_altar_island, mrwooster_statue_mirror,
          nrook_loot_triangle, hangedman_decor_clover_reticule

Skill      XL: |  1  2  3  4 |
---------------+-------------+-----
Armour         | 2 3 |  3.7
Long Blades    | 3 4 |  4.2
Fighting       | |  3.0
Dodging        | |  0.8

Action                   |  1- 3 |  4- 6 || total
-------------------------+-------+-------++-------
Melee: Falchion          |   152 |   127 ||   279
  Use: Potion            |       |     1 ||     1
 Stab: Petrifying        |     1 |       ||     1
       Paralysed         |     3 |       ||     3
       Petrified         |       |     1 ||     1
  Eat: Chunk             |     2 |     4 ||     6
Armor: Leather armour    |     8 |       ||     8
       Plate armour      |   121 |   177 ||   298
Dodge: Dodged            |    49 |    51 ||   100
       Rpst.: Falchion   |    12 |    22 ||    34
